 Dungeon Crawl Stone Soup version 0.30-b1-2-g02819fbbbe (webtiles) character file.

Game seed: 786624963332125593

2852 LLlMATKO the Blocker (level 9, -1/81 HPs)
             Began as a Minotaur Berserker on June 30, 2023.
             Was an Elder of Trog.
             Killed from afar by a steam dragon (13 damage)
             ... with a ball of steam
             ... on level 6 of the Dungeon.
             The game lasted 00:06:07 (5410 turns).

LLlMATKO the Blocker (Minotaur Berserker)           Turns: 5410, Time: 00:06:08

Health: -1/81      AC: 11    Str: 33    XL:     9   Next: 46%
Magic:  8/8        EV: 13    Int:  4    God:    Trog [****..]
Gold:   346        SH:  0    Dex: 15    Spells: 8/8 levels left

rFire   . . .        k - +0 war axe
rCold   . . .        (no shield)
rNeg    . . .        o - +0 chain mail
rPois   .            (helmet restricted)
rElec   .            (no cloak)
rCorr   .            (no gloves)
SInv    .            (no boots)
Will    .....        (no amulet)
Stlth   x              - +6 ring of strength
HPRegen 0.33/turn    r - +6 ring of dexterity
MPRegen 0.11/turn

%: no passive effects
@: on berserk cooldown, slowed, studying 2 skills, very slow
A: horns 2, retaliatory headbutt
a: Renounce Religion, Berserk, Trog's Hand, Brothers in Arms


You were on level 6 of the Dungeon.
You worshipped Trog.
Trog was greatly pleased with you.
You visited 1 branch of the dungeon, and saw 6 of its levels.
You also visited: Ossuary.

You collected 346 gold pieces.

Inventory:

Hand Weapons
 k - a +0 war axe (weapon)
Missiles
 b - 11 poisoned darts (quivered)
 l - 2 throwing nets
Armour
 o - a +0 chain mail (worn)
Jewellery
 h - a ring of protection from cold
 r - a +6 ring of dexterity (right hand)
 v - a ring of ice
 x - a +6 ring of strength (left hand)
 z - a +5 ring of evasion
Wands
 j - a wand of flame (13)
 y - a wand of polymorph (8)
Scrolls
 c - 5 scrolls of identify
 d - a scroll of teleportation
 e - 3 scrolls of brand weapon {unknown}
 s - a scroll of immolation {unknown}
 w - a scroll of torment {unknown}
Potions
 a - 3 potions of brilliance {unknown}
 f - 5 potions of curing
 g - 4 potions of attraction {unknown}
 i - 3 potions of heal wounds {unknown}
 m - 2 potions of might {unknown}
 n - a potion of flight {unknown}
 p - a potion of haste {unknown}
 q - a potion of resistance {unknown}
 t - 2 potions of lignification {unknown}
 u - 2 potions of ambrosia {unknown}


   Skills:
 + Level 8.0 Fighting
 + Level 8.0 Axes
 + Level 9.5 Armour
 + Level 6.8 Dodging
 + Level 9.6 Shields


You had 8 spell levels left.
You didn't know any spells.
Your spell library was empty.

Dungeon Overview and Level Annotations

Branches:
Dungeon (6/15)             Temple (0/1) D:6         Ossuary (visited)

Altars:
Cheibriados
Fedhas
Hepliaklqana
Kikubaaqudgha
Okawaru
Yredelemnul
Zin

Shops:
D:6 *

Annotations:
D:6 2 transporters


Innate Abilities, Weirdness & Mutations

You have a pair of horns on your head.
You reflexively headbutt those who attack you in melee.


Message History

You are no longer berserk.
You are exhausted.
You feel yourself slow down.
The gnoll sergeant is engulfed in a cloud of scalding steam.
The gnoll sergeant closely misses you.
You fail to use your ability.
The gnoll sergeant hits you from afar with a +0 trident.
* * * LOW HITPOINT WARNING * * *
You feel better.
The gnoll sergeant hits you but does no damage.
The gnoll sergeant hits you from afar with a +0 trident.
* * * LOW HITPOINT WARNING * * *
As you read the scroll of teleportation, it crumbles to dust.
You feel strangely unstable.
The gnoll sergeant hits you but does no damage.
The steam dragon bites you.
* * * LOW HITPOINT WARNING * * *
The steam dragon closely misses you.
You feel better.
The gnoll sergeant hits you from afar with a +0 trident.
* * * LOW HITPOINT WARNING * * *
The steam dragon breathes steam at you. The ball of steam hits you.
* * * LOW HITPOINT WARNING * * *
The steam dragon bites you.
* * * LOW HITPOINT WARNING * * *
The steam dragon closely misses you.
The gnoll sergeant hits you from afar with a +0 trident.
* * * LOW HITPOINT WARNING * * *
The steam dragon attacks as you move away!
The steam dragon closely misses you.
The steam dragon claws you but does no damage.
Your surroundings seem slightly different.
Okay, then.
You feel better.
The steam dragon bites you but does no damage.
The steam dragon claws you but does no damage.
The steam dragon breathes steam at you. The ball of steam hits you!
You die...

#.#.## #.##. #.#.#.D .##. #.#.#..
#.. #.#.##.# #.. #.#..#§§## ##.
#.##.##§.######. ###.
#..#†.##Y....$.. #...
##.##.§D#.8..8.# ##...
#.##..@#######. #....
#..##......... ##..[.
##..#......... #..... #######
##.##........ ##..... ##.....##
#.###....... ##......
##.._....####.############..#....
#.........##......###.....###....
#._.P~....#......^..........####.
#...P⌠P...'.......#########......


You could see a steam dragon (catching breath) and an ice beast.

Vanquished Creatures
  Grinder (D:3)
  A wyvern (D:5)
  A steam dragon (D:6)
  2 black bears (D:6)
  3 ogres
  2 phantoms (D:5)
  3 elf zombies
  A kobold brigand (D:6)
  3 bullfrogs
  3 elf skeletons (D:4)
  2 scorpions (D:5)
  A gnoll bouda (D:6)
  6 hounds
  A human zombie (D:4)
  2 jellies
  A centaur zombie (Ossuary)
  3 human skeletons (D:4)
  2 sleepcaps (D:6)
  Ijyb (D:3)
  2 iguanas (D:6)
  5 orc wizards
  2 mummies (Ossuary)
  Robin (D:3)
  9 adders
  7 gnolls
  2 white imps
  An ufetubus (D:4)
  4 adder zombies (Ossuary)
  A dart slug (D:2)
  7 orcs (D:4)
  5 endoplasms
  10 giant cockroaches
  21 goblins
  19 hobgoblins
  4 jackals
  6 quokkas
  9 ball pythons
  4 bats
  4 frilled lizards
  2 goblin zombies (Ossuary)
  7 hobgoblin zombies (Ossuary)
  A jackal zombie (Ossuary)
  10 kobolds
  11 kobold zombies (Ossuary)
  12 orc zombies
  7 rats
212 creatures vanquished.

Notes
Turn   | Place    | Note
-------+----------+-------------------------------------------
     0 | D:1      | LLlMATKO the Minotaur Berserker began the quest for the
                  | Orb.
     0 | D:1      | Reached XP level 1. HP: 19/19 MP: 0/0
   241 | D:1      | Reached XP level 2. HP: 27/27 MP: 1/1
   571 | D:2      | Reached ** piety under Trog
   573 | D:2      | Reached skill level 1 in Shields
   623 | D:2      | Reached XP level 3. HP: 27/33 MP: 2/2
  1019 | D:2      | Reached XP level 4. HP: 27/40 MP: 3/3
  1201 | D:3      | Noticed Ijyb
  1208 | D:3      | Killed Ijyb
  1332 | D:3      | Reached XP level 5. HP: 47/47 MP: 4/4
  1688 | D:3      | Noticed Robin
  1693 | D:3      | Reached *** piety under Trog
  1703 | D:3      | Killed Robin
  1765 | D:3      | Found a faded altar of an unknown god.
  1904 | D:3      | Noticed Grinder
  1904 | D:3      | Paralysed by Grinder for 3 turns
  1922 | D:3      | Paralysed by Grinder for 4 turns
  1930 | D:3      | Killed Grinder
  1931 | D:3      | Reached skill level 5 in Fighting
  1931 | D:3      | Reached skill level 5 in Axes
  1931 | D:3      | Reached XP level 6. HP: 37/56 MP: 5/5
  2033 | D:3      | Identified the +0 chain mail of Raexat {Harm Slay+3 SInv}
  2178 | D:3      | Found an ancient bone altar of Kikubaaqudgha.
  2179 | D:3      | Found a blossoming altar of Fedhas.
  2416 | D:4      | Identified a scroll of acquirement
  2416 | D:4      | Acquired a manual of Armour
  2494 | D:4      | Found a sand-covered staircase.
  2499 | Ossuary  | Entered an ossuary
  2597 | Ossuary  | Reached skill level 5 in Shields
  2613 | Ossuary  | Reached XP level 7. HP: 59/61 MP: 6/6
  2620 | Ossuary  | Reached skill level 5 in Armour
  2987 | D:4      | Reached **** piety under Trog
  3095 | D:4      | Reached XP level 8. HP: 57/70 MP: 7/7
  3194 | D:4      | Reached skill level 5 in Dodging
  3869 | D:4      | Found a basalt altar of Yredelemnul.
  4068 | D:5      | Entered Level 5 of the Dungeon
  4536 | D:5      | Found an iron altar of Okawaru.
  4622 | D:5      | Reached XP level 9. HP: 79/79 MP: 8/8
  4794 | D:5      | Found a snail-covered altar of Cheibriados.
  4924 | D:6      | Found Zin's Purification Station.
  4924 | D:6      | Found a glowing silver altar of Zin.
  5010 | D:6      | Found a transporter.
  5027 | D:6      | Found a transporter.
  5076 | D:6      | Found a staircase to the Ecumenical Temple.
  5329 | D:6      | Found a faded altar of an unknown god.
  5330 | D:6      | Found a faded altar of an unknown god.
  5333 | D:6      | Found a hazy altar of Hepliaklqana.
  5408 | D:6      | HP: 2/81 [gnoll sergeant/+0 trident (3)]
  5410 | D:6      | Killed from afar by a steam dragon

Illustrated notes

Levels and vault maps discovered:
D:1:      minmay_arrival_split_and_join, layout_basic
D:2:      minmay_skewed_foursquare, layout_rooms, minmay_close_crescents
D:3:      kennysheep_the_goblin_king, layout_basic,
          grunt_temple_overflow_growth_and_decay,
          shapermc_ecumenical_altar_ellora, dk_noncrumbling_2,
          amcnicky_mini_corridor_feature, uniq_robin, uniq_ijyb, uniq_grinder
D:4:      minmay_octagon_keep, layout_gridville,
          mainiacjoe_overflow_surrounded_room, nicolae_ossuary_entry_catacombs
D:5:      layout_loops_ring, kennysheep_mini, okawaru_trees_1
D:6:      gammafunk_steamed_eel, layout_rooms, zin_purify,
          nicolae_hepliaklqana_ecumenical_no_more,
          minmay_temple_entry_stoned_glass, hangedman_abyss_or_decor_stagger,
          nzn_random_ring

Skill      XL: |  1  2  3  4  5  6  7  8  9 |
---------------+----------------------------+-----
Axes           | 4 5 6 7 8 |  8.0
Shields        | 1 2 4 5 6 8 9 |  9.6
Fighting       | 4 5 6 7 8 |  8.0
Armour         | 3 4 6 8 9 |  9.5
Dodging        | 3 4 6 |  6.8

Action                     |  1- 3 |  4- 6 |  7- 9 || total
---------------------------+-------+-------+-------++-------
  Melee: Hand axe          |    31 |       |       ||    31
         Headbutt          |     8 |    19 |    61 ||    88
         War axe           |    54 |   119 |   274 ||   447
         Punch             |       |     2 |     7 ||     9
 Invoke: Berserk           |       |     3 |     4 ||     7
    Use: Scroll            |       |     8 |     1 ||     9
         Potion            |       |       |     3 ||     3
   Stab: Sleeping          |     1 |       |       ||     1
 Armour: Animal skin       |     6 |       |       ||     6
         Ring mail         |    28 |     2 |       ||    30
         Chain mail        |       |    65 |   161 ||   226
  Dodge: Dodged            |    64 |    55 |   162 ||   281
